 Dungeon Crawl Stone Soup version 0.17-a0-2208-ge5ab1d3 (webtiles) character file.

355 Goblin1989 the Shooter (level 6, -3/48 HPs)
             Began as a Centaur Hunter on Oct 26, 2015.
             Slain by Pikel
             ... wielding a +0 whip of electrocution
              (9 damage)
             ... on level 4 of the Dungeon.
             The game lasted 00:22:49 (3938 turns).

Goblin1989 the Shooter (Centaur Hunter)             Turns: 3938, Time: 00:22:50

Health: -3/48      AC:  6    Str: 15    XL:     6   Next: 36%
Magic:  6/6        EV:  9    Int: 10    God:
Gold:   140        SH:  0    Dex: 11    Spells: 0 memorised, 5 levels left

rFire  . . .     SeeInvis +     a - +1 shortbow
rCold  . . .     Clarity  .     d - +0 leather armour
rNeg   . . .     SustAt   .     (no shield)
rPois  +         Gourm    .     j - +2 hat
rElec  .         Spirit   .     (no cloak)
rCorr  .         Warding  .     (no gloves)
rMut   .         Stasis   .     (no barding)
MR     .....                    r - amulet of rage
Stlth  +.........               v - ring of see invisible
                                i - ring of poison resistance

@: drained, very quick, not resistant to hostile enchantments, very unstealthy
A: hooves 3, deformed body, speed 2, tough skin 3
a: Evoke Berserk Rage


You were on level 4 of the Dungeon.
You were not hungry.

You visited 1 branch of the dungeon, and saw 4 of its levels.

You collected 140 gold pieces.

Inventory:

Hand Weapons
 a - a +1 shortbow (weapon)
 b - a +0 whip
Missiles
 m - 16 arrows (quivered)
Armour
 d - a +0 leather armour (worn)
 j - a +2 hat (worn)
 p - a +0 helmet
Jewellery
 i - a ring of poison resistance (left hand)
 r - an amulet of rage (around neck)
 u - an uncursed ring of protection from cold
 v - a ring of see invisible (right hand)
Wands
 l - a wand of digging (8)
Scrolls
 o - 6 scrolls of remove curse
 s - 2 scrolls of enchant armour
 w - 4 scrolls of identify
Potions
 e - a potion of heal wounds
 f - a potion of might
 h - 2 potions of curing
 k - a potion of resistance
 n - 3 potions of lignification {unknown}
 q - 2 potions of poison {unknown}
 A - 2 potions of brilliance {unknown}
Comestibles
 c - 3 beef jerkies
 g - a royal jelly
 t - a meat ration
 z - a slice of pizza


   Skills:
 - Level 2.0(1.6) Fighting
 * Level 4.4(4.0) Maces & Flails
 + Level 7.6(7.2) Bows
 - Level 1.3(1.0) Dodging
 - Level 0.5(0.1) Stealth


You had 5 spell levels left.
You didn't know any spells.

Dungeon Overview and Level Annotations

Branches:
Dungeon (4/15)
 Temple: D:4-7

Altars:
Dithmenos
Qazlal
Xom

Annotations:
D:4 Edmund, Pikel


Innate Abilities, Weirdness & Mutations

You have hooves in place of feet.
Armour fits poorly on your strangely shaped body.
You cover ground very quickly.
You have extremely tough skin (AC +3).


Message History

* * * LOW HITPOINT WARNING * * *
Firing (i - inventory):
m - 18 arrows (quivered)
Press: ? - help, Shift-Dir - straight line, f/p - Pikel
Aim: Pikel, wielding a whip of electrocution and wearing a robe (severely wounded)
You shoot an arrow.
The arrow hits Pikel but does no damage.
Pikel is severely wounded.
The giant gecko closely misses you.
Pikel hits you with a whip of electrocution.
* * * LOW HITPOINT WARNING * * *
Firing (i - inventory):
m - 17 arrows (quivered)
Press: ? - help, Shift-Dir - straight line, f/p - Pikel
Aim: Pikel, wielding a whip of electrocution and wearing a robe (severely wounded)
You shoot an arrow. The arrow hits Pikel.
Pikel is severely wounded.
The giant gecko bites you but does no damage.
Pikel hits you with a whip of electrocution.
* * * LOW HITPOINT WARNING * * *
You are electrocuted!
You die...

#. ##....#####..# #
##.#........#
#...#####.## ###.# #.#
#.# #.# #.# #.## #.# #..#
######.######.####p#
........l@Kpp...(...#
........######.####.# #p#
#######.##.....#####..(##
#.##.##.......(p..( #.#
#.#######.### #.# #.# ..#
#.# .. #.# #.<


You could see Pikel, 2 slaves and a giant gecko.

Vanquished Creatures
  An ogre (D:4)
  The ghost of chonchonts the Ducker, an amateur MfIE (D:3)
  A crimson imp (D:3)
  A jelly (D:4)
  Jessica (D:2)
  4 adders
  An ooze (D:2)
  4 worms
  2 orcs
  3 giant cockroaches
  7 goblins
  3 hobgoblins
  11 bats
  A giant newt (D:1)
  5 jackals
  6 kobolds
  2 rats
54 creatures vanquished.

Notes
Turn   | Place    | Note
--------------------------------------------------------------
     0 | D:1      | Goblin1989 the Centaur Hunter began the quest for the Orb.
     0 | D:1      | Reached XP level 1. HP: 17/17 MP: 1/1
   592 | D:1      | Reached XP level 2. HP: 18/24 MP: 2/2
   984 | D:2      | Found a faded altar to an unknown god.
  1262 | D:2      | Noticed Jessica
  1288 | D:2      | Killed Jessica
  1288 | D:2      | Reached skill level 1 in Maces & Flails
  1288 | D:2      | Reached skill level 6 in Bows
  1288 | D:2      | Reached XP level 3. HP: 26/29 MP: 3/3
  1912 | D:2      | Found a shadowy altar of Dithmenos.
  2084 | D:2      | Found a stormy altar of Qazlal.
  2303 | D:2      | Reached XP level 4. HP: 28/36 MP: 4/4
  2508 | D:3      | Noticed chonchonts's ghost (amateur MfIE)
  2903 | D:3      | Found a shimmering altar of Xom.
  2982 | D:3      | Reached XP level 5. HP: 34/41 MP: 5/5
  3083 | D:3      | Killed chonchonts's ghost
  3083 | D:3      | Reached skill level 7 in Bows
  3426 | D:4      | Reached XP level 6. HP: 23/48 MP: 6/6
  3437 | D:4      | Noticed Edmund
  3501 | D:4      | Noticed an ogre
  3531 | D:4      | Killed an ogre
  3912 | D:4      | Noticed Pikel
  3918 | D:4      | Noticed a slave
  3919 | D:4      | Noticed a slave
  3924 | D:4      | Noticed a slave
  3934 | D:4      | Noticed a slave
  3938 | D:4      | Slain by Pikel

Vault maps used:
D:1:      minmay_arrival_doors
D:2:      grunt_qazlal_sundering, nicolae_overflow_crystal_walls,
          ecumenical_altar_1, first_bread, serial_co_window_serial,
          co_window_paths_a, co_window_paths_a, co_window_corner_a,
          co_window_paths_b, co_window_corner_a, co_window_paths_b,
          co_window_cross_1, co_window_corner_a, co_window_corner_a,
          co_window_unsneaky_path_d, co_window_broadway_c,
          co_window_of_opportunity_b, co_window_of_opportunity_b,
          glass_columns_a, glass_columns_a, glass_columns_b, glass_columns_a,
          glass_columns_c, uniq_jessica
D:3:      xom_teletrap_fun, minmay_misc_feat_chi
D:4:      portal_sewer_entry_e, trog_wizard, uniq_pikel, uniq_sigmund,
          uniq_edmund

Action                   |  1- 3 |  4- 6 || total
-------------------------+-------+-------++-------
Melee: Whip              |    68 |    93 ||   161
 Fire: Shortbow          |    45 |    57 ||   102
  Use: Scroll            |     5 |     7 ||    12
  Eat: Bread ration      |     2 |       ||     2
